 Dungeon Crawl Stone Soup version 0.28.0-43-g3370ac3207 (webtiles) character file.

Game seed: 7405774882376137217

1754 smarlow the Grasshopper (level 8, -3/73 HPs)
             Began as a Deep Dwarf Warper on Mar 9, 2022.
             Slain by an orc warrior
             ... wielding a +0 mace
              (8 damage)
             ... on level 8 of the Dungeon.
             The game lasted 00:21:48 (5059 turns).

smarlow the Grasshopper (Deep Dwarf Warper)         Turns: 5059, Time: 00:21:50

Health: -3/73      AC:  4    Str: 14    XL:     8   Next: 78%
Magic:  1/1        EV: 13    Int: 23    God:
Gold:   315        SH:  0    Dex: 12    Spells: 10/15 levels left

rFire   . . .      SeeInvis .   a - +0 hand axe
rCold   . . .      Faith    .   (no shield)
rNeg    . . .      Spirit   .   b - +0 leather armour
rPois   .          Reflect  .   (no helmet)
rElec   .          Harm     +   k - scarf {harm}
rCorr   .          Rampage  .   (no gloves)
Will    ++...                   g - +0 pair of boots
Stlth   ++........              (no amulet)
HPRegen 0.00/turn               i - +6 ring of intelligence
MPRegen 0.07/turn               (no ring)

@: no status effects
A: damage resistance, heal wounds, sense surroundings 1, no regeneration, claws
1, camouflage 1, strong-willed 1
a: Heal Wounds


You were on level 8 of the Dungeon.
You visited 2 branches of the dungeon, and saw 9 of its levels.

You collected 315 gold pieces.

Inventory:

Hand Weapons
 a - a +0 hand axe (weapon)
Missiles
 d - 5 boomerangs of dispersal (quivered)
 l - a throwing net
Armour
 b - a +0 leather armour (worn)
 g - a +0 pair of boots (worn)
 k - a scarf of harm (worn)
Jewellery
 i - a +6 ring of intelligence (left claw)
 t - a +4 ring of evasion
Wands
 o - a wand of iceblast (9)
Scrolls
 c - 3 scrolls of fear
 e - a scroll of teleportation
 h - a scroll of immolation
 j - 2 scrolls of vulnerability
 m - a scroll of amnesia {unknown}
 n - a scroll of fog {unknown}
 r - a scroll of blinking
 s - 2 scrolls of magic mapping {unknown}
Potions
 f - a potion of might {unknown}
 p - 3 potions of curing
 q - a potion of haste {unknown}
 u - 2 potions of ambrosia


   Skills:
 + Level 4.7 Fighting
 + Level 4.6 Axes
 - Level 3.3 Throwing
 + Level 4.2 Armour
 + Level 4.6 Dodging
 * Level 4.2 Spellcasting
 + Level 6.3 Translocations


You had 10 spell levels left.
You knew the following spells:

 Your Spells              Type           Power      Damage    Failure   Level
a - Manifold Assault      Tloc           33%        N/A       26%         5

Your spell library contained the following spells:

 Spells                   Type           Power      Damage    Failure   Level
 Blink                    Tloc           66%        N/A       1%          2
 Gell's Gravitas          Tloc           33%        N/A       2%          3
 Lesser Beckoning         Tloc           33%        N/A       2%          3
 Teleport Other           Tloc           33%        N/A       2%          3
 Magic Dart               Conj           16%        1d3       13%         1
 Summon Small Mammal      Summ           16%        N/A       13%         1
 Call Imp                 Summ           4%         N/A       19%         2
 Corpse Rot               Necr/Air       8%         N/A       19%         2
 Poisonous Vapours        Pois/Air       8%         N/A       19%         2
 Call Canine Familiar     Summ           4%         N/A       36%         3
 Mephitic Cloud           Conj/Pois/Air  4%         N/A       36%         3
 Summon Guardian Golem    Hex/Summ       4%         N/A       36%         3


Dungeon Overview and Level Annotations

Branches:
Dungeon (8/15)             Temple (1/1) D:4
   Lair: D:8-11

Altars:
Ashenzari
Cheibriados
Dithmenos
Elyvilon
Fedhas
Gozag
Hepliaklqana
Kikubaaqudgha
Makhleb
Nemelex Xobeh
Okawaru
Qazlal
Ru
Sif Muna
Trog
Uskayaw
Vehumet
Wu Jian
Xom
Yredelemnul
Zin
The Shining One

Shops:
D:7 [

Annotations:
D:3 1 runed translucent door, WNRobin's ghost, amateur DDWn
D:6 Eustachio
D:8 1 runed translucent door


Innate Abilities, Weirdness & Mutations

You are resistant to damage.
You can heal yourself by infusing magical energy.
You passively map a small area around you.
You do not regenerate.
You have sharp fingernails.
Your skin changes colour to match your surroundings (Stealth+).
You are strong-willed. (Will+)


Message History

* * * LOW HITPOINT WARNING * * *
Something hits you.
You hit something. You closely miss the orc warrior.
The orc warrior closely misses you. Something hits you.
You barely miss something. You barely miss the orc warrior.
The orc warrior misses you. Something hits you.
* * * LOW HITPOINT WARNING * * *
You closely miss something. You closely miss the orc warrior.
The orc warrior closely misses you.
You hear some strange, mumbled words.
Something tries to affect you, but you resist.
You hit something but do no damage.
You hit the orc warrior but do no damage.
The orc warrior hits you with a +0 mace.
* * * LOW HITPOINT WARNING * * *
Something hits you but does no damage.
You hit something.
Reactivating autopickup.
You feel a bit more experienced.
You closely miss the orc warrior. The orc warrior closely misses you.
You hit the orc but do no damage. Your claw misses the orc.
You hit the orc warrior but do no damage.
The orc warrior barely misses you. The orc hits you with a +0 dagger.
You hit the orc.
The orc is moderately wounded.
You completely miss the orc warrior. The orc warrior barely misses you.
The orc hits you with a +0 dagger.
You barely miss the orc.
The orc is moderately wounded.
You barely miss the orc warrior. The orc warrior completely misses you.
The orc closely misses you.
You closely miss the orc.
The orc is moderately wounded.
You hit the orc warrior but do no damage.
The orc warrior misses you. The orc completely misses you.
You hit the orc.
You kill the orc!
You closely miss the orc warrior.
The orc warrior hits you with a +0 mace!
You die...

#..###.#### #.####
, , .........# #.#
, .....###.# #.#
## #.# #.# #.# ,
#.# #.# #.# #.#
#.#######.# * #o#
#.......#.#### #)#
* ####.......
#@######......####
#o.......######
##########


You could see an orc warrior and an orc.

Vanquished Creatures
  Sigmund (D:4)
  Menkaure (D:5)
  3 sky beasts (D:7)
  A necrophage (D:5)
  An ogre (D:5)
  3 centaurs
  A phantom (D:5)
  A bullfrog (D:7)
  A wyvern zombie (D:7)
  A bullfrog zombie (D:5)
  2 hounds
  A bullfrog skeleton (D:5)
  Ijyb (D:5)
  2 iguanas
  3 orc wizards
  A killer bee zombie (D:6)
  2 hound skeletons (D:4)
  2 gnolls (D:5)
  4 adders
  An adder skeleton (D:4)
  A worm (D:2)
  2 dart slugs (D:1)
  9 orcs
  5 endoplasms
  2 giant cockroaches (D:4)
  5 goblins
  2 hobgoblins
  7 jackals
  3 quokkas (D:4)
  4 ball pythons
  4 bats
  A frilled lizard (D:3)
  10 kobolds
  6 rats
94 creatures vanquished.

Vanquished Creatures (collateral kills)
  A black bear (D:6)
  A bullfrog (D:6)
2 creatures vanquished.

Vanquished Creatures (others)
  An orc wizard (D:7)
  2 withered plants (D:3)
3 creatures vanquished.

Grand Total: 99 creatures vanquished

Notes
Turn   | Place    | Note
-------+----------+-------------------------------------------
     0 | D:1      | smarlow the Deep Dwarf Warper began the quest for the Orb.
     0 | D:1      | Reached XP level 1. HP: 19/19 MP: 3/3
    27 | D:1      | Reached skill level 1 in Throwing
    43 | D:1      | Reached XP level 2. HP: 13/26 MP: 4/4
   448 | D:1      | Found a faded altar of an unknown god.
   760 | D:2      | Reached XP level 3. HP: 32/32 MP: 3/3
   950 | D:2      | Reached XP level 4. HP: 21/39 MP: 5/5
  1426 | D:3      | Found a runed translucent door.
  1430 | D:3      | Noticed WNRobin's ghost (amateur DDWn)
  1933 | D:4      | Noticed Sigmund
  1962 | D:4      | HP: 1/40 [something (9)]
  1972 | D:4      | HP: 2/40 [something (7)]
  1985 | D:4      | Killed Sigmund
  1986 | D:4      | Reached skill level 4 in Translocations
  1986 | D:4      | Reached XP level 5. HP: 46/46 MP: 4/4
  2060 | D:4      | Noticed an ogre
  2114 | D:4      | Reached XP level 6. HP: 49/55 MP: 5/5
  2495 | D:4      | Found a staircase to the Ecumenical Temple.
  2512 | Temple   | Entered the Ecumenical Temple
  2840 | D:5      | Entered Level 5 of the Dungeon
  2863 | D:5      | Learned a level 5 spell: Manifold Assault
  2877 | D:5      | Noticed Menkaure
  2886 | D:5      | Gained mutation: You are occasionally teleported next to
                  | monsters. [potion of mutation]
  2886 | D:5      | Gained mutation: You passively dampen the noise of your
                  | surroundings. [potion of mutation]
  2896 | D:5      | Killed Menkaure
  2897 | D:5      | Reached XP level 7. HP: 20/62 MP: 4/6
  3177 | D:5      | Noticed Ijyb
  3196 | D:5      | Killed Ijyb
  3271 | D:5      | Reached skill level 5 in Translocations
  3353 | D:5      | Lost mutation: You are occasionally teleported next to
                  | monsters. [potion of mutation]
  3353 | D:5      | Lost mutation: You passively dampen the noise of your
                  | surroundings. [potion of mutation]
  3353 | D:5      | Gained mutation: You have sharp fingernails. [potion of
                  | mutation]
  3353 | D:5      | Gained mutation: Your skin changes colour to match your
                  | surroundings (Stealth+). [potion of mutation]
  3353 | D:5      | Gained mutation: You are strong-willed. (Will+) [potion of
                  | mutation]
  3948 | D:6      | Reached XP level 8. HP: 69/72 MP: 4/4
  3976 | D:6      | Noticed Eustachio
  4414 | D:7      | Reached skill level 6 in Translocations
  4417 | D:7      | Found Cheibriados's Comfort Zone.
  4420 | D:7      | Found a snail-covered altar of Cheibriados.
  4955 | D:8      | Found a runed translucent door.
  4955 | D:8      | Found a burning altar of Makhleb.
  4955 | D:8      | Noticed a sixfirhy
  5059 | D:8      | Slain by an orc warrior

Illustrated notes

Levels and vault maps discovered:
D:1:      mrwooster_arrival_arrow, layout_basic, ebering_ecumenical_altar_rust
D:2:      layout_rooms
D:3:      layout_loops_ring, gammafunk_ghost_grave, grunt_ministairs_3
D:4:      layout_loops_ring, minmay_temple_entry_poolview, serial_rivers,
          chequers_serial_rivers_micro_d, chequers_serial_rivers_micro_d,
          chequers_serial_rivers_micro_b, chequers_serial_rivers_small_a,
          chequers_serial_rivers_large_a, chequers_serial_rivers_micro_c,
          uniq_sigmund
D:5:      layout_loops_ring, kennysheep_generic_room_10, uniq_menkaure,
          uniq_blork_the_orc, uniq_ijyb
D:6:      layout_loops_cross, uniq_eustachio
D:7:      layout_basic, minmay_shop_chei, nicolae_elevator_lobby_plus
D:8:      layout_loops_ring, nzn_makhleb_speed_demon
Temple:   kilobyte_greek_temple

Skill      XL: |  1  2  3  4  5  6  7  8 |
---------------+-------------------------+-----
Throwing       | 1 2 3 |  3.3
Fighting       | 2 3 4 |  4.7
Spellcasting   | 2 3 4 |  4.2
Armour         | 2 3 4 |  4.2
Axes           | 3 4 |  4.6
Dodging        | 3 4 |  4.6
Translocations | 4 5 6 |  6.3

Action                   |  1- 3 |  4- 6 |  7- 9 || total
-------------------------+-------+-------+-------++-------
Melee: Hand axe          |   110 |   178 |   322 ||   610
       Punch             |     1 |     1 |    11 ||    13
 Abil: Heal Wounds       |     2 |     9 |    29 ||    40
  Use: Potion            |       |     5 |     1 ||     6
       Scroll            |       |     2 |     5 ||     7
 Stab: Sleeping          |       |       |     2 ||     2
Armor: Leather armour    |    26 |    39 |    99 ||   164
       Skin              |       |     3 |       ||     3
Dodge: Dodged            |    92 |   112 |   261 ||   465
